 Dungeon Crawl Stone Soup version 0.30-a0-414-gcb316572d5 (webtiles) character file.

Game seed: 3457864748377604582

2396 NinjaNoafa the Vexing (level 9, -4/42 HPs)
             Began as a Spriggan Hexslinger on Dec 7, 2022.
             Was a Follower of Sif Muna.
             Killed from afar by an acid dragon (27 damage)
             ... with a splash of acid
             ... on level 8 of the Dungeon.
             The game lasted 00:20:53 (8491 turns).

NinjaNoafa the Vexing (Spriggan Hexslinger)         Turns: 8491, Time: 00:20:53

Health: -4/42      AC:  0    Str:  6    XL:     9   Next: 22%
Magic:  1/16       EV: 22    Int: 16    God:    Sif Muna [*.....]
Gold:   357        SH:  7    Dex: 18    Spells: 7/17 levels left

rFire   + . .      SeeInvis +    a - +1 sling
rCold   . . .      Faith    +    r - +0 buckler
rNeg    . . .      Spirit   .    o - +2 robe {rF+}
rPois   .          Reflect  .    (helmet restricted)
rElec   .          Harm     .    (no cloak)
rCorr   .          Rampage  .    (gloves unavailable)
Will    +....                    (boots unavailable)
Stlth   ++........               g - amulet of faith
HPRegen 0.27/turn                n - +4 ring of evasion
MPRegen 0.15/turn                E - ring of wizardry

@: corroded, very quick
A: very small, no large weapons, unfitting armour, see invisible, speed 3
a: Renounce Religion, Channel Magic


You were on level 8 of the Dungeon.
You worshipped Sif Muna.
Sif Muna was aware of your devotion.
You visited 2 branches of the dungeon, and saw 9 of its levels.

You collected 357 gold pieces.

Inventory:

Hand Weapons
 a - a +1 sling (weapon)
Missiles
 c - 2 boomerangs
 f - 64 stones
 D - 6 atropa-tipped darts
 F - 7 poisoned darts
Armour
 o - a +2 robe of fire resistance (worn)
 r - a +0 buckler (worn)
Jewellery
 g - an amulet of faith (around neck)
 n - a +4 ring of evasion (left hand)
 E - a ring of wizardry (right hand)
Wands
 y - a wand of roots (11)
Scrolls
 d - a scroll of vulnerability {unknown}
 e - a scroll of amnesia
 h - 2 scrolls of butterflies
 m - 2 scrolls of teleportation
 p - a scroll of summoning
 x - 3 scrolls of blinking
 A - a scroll of poison
 B - a scroll of silence {unknown}
 C - a scroll of noise {unknown}
Potions
 b - a potion of degeneration {unknown}
 i - 2 potions of heal wounds
 j - 6 potions of ambrosia
 k - 3 potions of mutation
 l - a potion of might
 q - a potion of magic {unknown}
 s - 2 potions of cancellation {unknown}
 t - 2 potions of curing
 u - 2 potions of haste
 v - 2 potions of invisibility {unknown}
 w - 2 potions of berserk rage {unknown}
 z - a potion of lignification {unknown}


   Skills:
 - Level 2.0 Fighting
 - Level 6.1 Ranged Weapons
 - Level 5.0 Dodging
 + Level 5.2 Shields
 + Level 4.6 Spellcasting
 - Level 7.0 Hexes
 - Level 3.0 Fire Magic


You had 7 spell levels left.
You knew the following spells:

 Your Spells              Type           Power      Damage    Failure   Level
a - Slow                  Hex            100%       N/A       1%          1
b - Tukima's Dance        Hex            26%        N/A       2%          3
c - Inner Flame           Hex/Fire       19%        N/A       4%          3
d - Portal Projectile     Hex/Tloc       28%        N/A       9%          3

Your spell library contained the following spells:

 Spells                   Type           Power      Damage    Failure   Level
 Cause Fear               Hex            13%        N/A       7%          4
 Apportation              Tloc           6%         N/A       12%         1
 Ozocubu's Armour         Ice            3%         N/A       34%         3
 Stone Arrow              Conj/Erth      6%         3d7       34%         3
 Metabolic Englaciation   Hex/Ice        7%         N/A       58%         5
 Animate Armour           Summ/Erth      6%         N/A       73%         4
 Alistair's Intoxication  Tmut/Pois      2%         N/A       96%         5
 Blade Hands              Tmut           1%         N/A       96%         5
 Simulacrum               Ice/Necr       1%         N/A       100%        6
 Lehudib's Crystal Spear  Conj/Erth      1%         10d2      100%        8


Dungeon Overview and Level Annotations

Branches:
Dungeon (8/15)             Temple (1/1) D:5
   Lair: D:8-11

Altars:
Cheibriados
Fedhas
Gozag
Hepliaklqana
Kikubaaqudgha
Nemelex Xobeh
Qazlal
Ru
Sif Muna
Trog
Vehumet
Wu Jian
Xom
Yredelemnul
Zin


Innate Abilities, Weirdness & Mutations

You are very small and have problems with some larger weapons.
You are too small for most types of armour.
You have supernaturally acute eyesight. (SInv)
You cover ground extremely quickly. (Speed+++)


Message History

You hear a croak.
A bullfrog comes into view.
Things that are here:
a +1 vampiric short sword; a kobold corpse
Casting: Inner Flame (dangerous; 4% risk of failure)
Confirm with . or Enter, or press ? or * to list all spells.
Aiming: Inner Flame (dangerous; 4% risk of failure)
Press: ? - help, Dir - move target, f - acid dragon
Aim: an acid dragon (chance to affect: 74%)
The acid dragon is filled with an inner flame.
A bullfrog comes into view.
You shoot a sling bullet.
The sling bullet closely misses the acid dragon.
The sling bullet hits the bullfrog.
The bullfrog is moderately wounded.
The kobold brigand throws a curare-tipped dart.
The curare-tipped dart closely misses you.
The kobold brigand throws a curare-tipped dart.
The curare-tipped dart misses you. The acid dragon spits acid at you.
The splash of acid hits you! The acid corrodes you!
Things that are here:
a +0 dagger; 8 poisoned darts You shoot a sling bullet.
The sling bullet hits the kobold brigand.
The kobold brigand is lightly wounded.
The kobold brigand misses you.
Fire: a) +1 sling
Press: ? - help, Q - select action, (/) - cycle Shift-Dir - straight line, f - acid dragon, p - kobold brigand
Aim: an acid dragon (inner flame, 64% to hit)
You shoot a sling bullet.
The sling bullet barely misses the acid dragon.
The sling bullet hits the bullfrog but does no damage.
The bullfrog is moderately wounded.
The kobold brigand hits you with a +1 whip of freezing.
The kobold brigand freezes you. The acid dragon spits acid at you.
The splash of acid hits you!!
Ouch! That really hurt!
You die...

#.........##............
...<....................
........?..............
...... .....# #.....# #....
#...# #.....# ###....###...#
#....#
.............####...☼###
.............@.DFF.))..#
...#........K######....#
...#............. #.$..#
..................#.......
..................#.........
..................#.........
.......<..........#.......##
####..............#.......#
#........... #.......#


You could see an acid dragon (inner flame, catching breath), a kobold brigand
and 2 bullfrogs.

Vanquished Creatures
  A gargoyle (D:7)
  A dancing weapon (D:7)
  Duvessa (D:7)
  2 ice beasts
  A centaur (D:4)
  An ogre (D:7)
  2 phantoms
  A kobold brigand (D:7)
  A bullfrog (D:7)
  A necrophage (D:5)
  2 scorpions
  5 wights (D:7)
  Dowan (D:7)
  5 hounds
  A jelly (D:6)
  2 orc priests (D:6)
  2 gnoll boudas
  Natasha (thrice) (D:4)
  2 iguanas
  A hell rat (D:7)
  2 orc wizards
  21 gnolls
  9 adders
  A white imp (D:7)
  5 dart slugs
  12 orcs
  11 ball pythons
  6 bats
  8 endoplasms
  4 giant cockroaches
  6 hobgoblins
  5 quokkas
  3 frilled lizards
  6 goblins
  16 kobolds
  9 rats
160 creatures vanquished.

Vanquished Creatures (collateral kills)
  An orc (D:7)
1 creature vanquished.

Vanquished Creatures (others)
  A dancing weapon (D:7)
1 creature vanquished.

Grand Total: 162 creatures vanquished

Notes
Turn   | Place    | Note
-------+----------+-------------------------------------------
     0 | D:1      | NinjaNoafa the Spriggan Hexslinger began the quest for the
                  | Orb.
     0 | D:1      | Reached XP level 1. HP: 9/9 MP: 3/3
   184 | D:1      | Reached skill level 4 in Hexes
   188 | D:1      | Reached XP level 2. HP: 13/14 MP: 6/6
   246 | D:1      | Found a faded altar of an unknown god.
   428 | D:1      | Reached XP level 3. HP: 17/17 MP: 8/8
   804 | D:2      | Found a shimmering altar of Xom.
  1254 | D:2      | Reached XP level 4. HP: 21/21 MP: 8/10
  1340 | D:3      | Reached skill level 5 in Hexes
  1729 | D:3      | Reached XP level 5. HP: 25/25 MP: 12/12
  1852 | D:3      | Found an opulent altar of Gozag.
  1862 | D:3      | Reached skill level 1 in Shields
  2271 | D:4      | Noticed a centaur
  2495 | D:4      | HP: 1/25 [centaur/arrow (6)]
  2868 | D:4      | Reached XP level 6. HP: 29/29 MP: 13/13
  2888 | D:4      | Noticed Natasha
  2905 | D:4      | Killed Natasha
  3030 | D:4      | Noticed Natasha
  3081 | D:4      | Killed Natasha
  3109 | D:4      | Noticed Natasha
  3114 | D:4      | Killed Natasha
  3357 | D:5      | Entered Level 5 of the Dungeon
  3500 | D:5      | Reached XP level 7. HP: 32/32 MP: 14/14
  4319 | D:4      | Reached skill level 5 in Ranged Weapons
  4456 | D:5      | Found a staircase to the Ecumenical Temple.
  4464 | Temple   | Entered the Ecumenical Temple
  4544 | Temple   | Became a worshipper of Sif Muna the Loreminder
  5343 | D:6      | Reached XP level 8. HP: 37/37 MP: 15/15
  5510 | D:5      | Reached skill level 6 in Hexes
  6261 | D:6      | Learned a level 3 spell: Tukima's Dance
  6300 | D:6      | Reached * piety under Sif Muna
  6482 | D:7      | Noticed a gargoyle
  6665 | D:7      | Identified the +9 spear of Embarrassment {vorpal, Int+2
                  | Dex+2}
  7068 | D:7      | Reached skill level 7 in Hexes
  7104 | D:7      | Reached skill level 1 in Fighting
  7159 | D:7      | Killed a gargoyle
  7160 | D:7      | Reached skill level 1 in Fire Magic
  7759 | D:7      | Reached skill level 5 in Dodging
  7968 | D:7      | Noticed Duvessa
  7969 | D:7      | Noticed Dowan
  8009 | D:7      | Killed Duvessa
  8010 | D:7      | Reached XP level 9. HP: 42/42 MP: 13/16
  8018 | D:7      | Reached skill level 5 in Shields
  8030 | D:7      | Learned a level 3 spell: Inner Flame
  8038 | D:7      | Killed Dowan
  8217 | D:8      | Noticed a death yak
  8346 | D:7      | Learned a level 3 spell: Portal Projectile
  8491 | D:8      | Killed from afar by an acid dragon

Illustrated notes

Levels and vault maps discovered:
D:1:      shiori_arrival_oz, layout_basic, dreamdust_ecumenical_altar_statues,
          chequers_hall_statues_wall_a
D:2:      layout_rooms, basic_altar, minmay_misc_feat_x, kennysheep_donut,
          chequers_arboretum
D:3:      layout_basic, mainiacjoe_overflow_boulevard, st_stairs_4
D:4:      layout_rooms, grunt_ministairs_14, uniq_natasha
D:5:      layout_gridville, minmay_temple_entry_large_hall, minmay_liquid_box
D:6:      layout_basic
D:7:      layout_basic, minmay_tree_intersection, minmay_misc_feat_rows,
          grunt_decor_cap, uniq_duvessa
D:8:      layout_basic, nicolae_tso_swordbearing_angel, dpeg_lair_monsters,
          enter_ossuary_3, gammafunk_ghost_smash
Temple:   eino_temple_lava

Skill      XL: |  1  2  3  4  5  6  7  8  9 |
---------------+----------------------------+-----
Spellcasting   | 2 3 4 |  4.6
Hexes          | 4 5 7 |  7.0
Shields        | 2 4 5 |  5.2
Ranged Weapons | 3 6 |  6.1
Fighting       | 2 |  2.0
Dodging        | 5 |  5.0
Fire Magic     | 2 3 |  3.0

Action                   |  1- 3 |  4- 6 |  7- 9 || total
-------------------------+-------+-------+-------++-------
Melee: Sling             |       |     1 |     1 ||     2
 Fire: Sling             |   144 |   245 |   511 ||   900
 Cast: Slow              |    18 |    33 |   102 ||   153
       Tukima's Dance    |       |       |    12 ||    12
       Inner Flame       |       |       |     9 ||     9
  Use: Scroll            |       |     9 |     7 ||    16
       Potion            |       |       |     1 ||     1
Armor: Robe              |    10 |    15 |    10 ||    35
Dodge: Dodged            |    34 |   147 |   176 ||   357
Block: Buckler           |       |    39 |   112 ||   151

Table legend: (Time is in decaauts)
 A = Elapsed time spent in this place.
 B = Non-inter-level travel time spent in this place.
 C = Inter-level travel time spent in this place.
 D = Time resting spent in this place.
 E = Time spent auto-exploring this place.
 F = Levels seen in this place.
 G = Mean time per level.
                   A        B        C        D        E       F      G
               +--------+--------+--------+--------+--------+-----+--------+
         Total |   6589 |   6048 |    541 |    303 |   3222 |   9 |  732.1 |
       Dungeon |   6535 |   6009 |    526 |    303 |   3191 |   8 |  816.9 |
        Temple |     53 |     39 |     14 |      0 |     31 |   1 |   53.0 |
               +--------+--------+--------+--------+--------+-----+--------+

Top non-repeatable levels by time:
     D:6: 1304 daAuts
     D:7: 1291 daAuts
     D:5: 1044 daAuts
     D:3: 982 daAuts
     D:4: 862 daAuts
     D:2: 562 daAuts
     D:1: 437 daAuts
  Temple: 53 daAuts
     D:8: 50 daAuts
